 Dungeon Crawl Stone Soup version 0.32-a0-630-g46d191b0ed (webtiles) character file.

Game seed: 1976450793763348955

44 Sabo the Charlatan (level 3, -2/28 HPs)
             Began as a Minotaur Artificer on Mar 6, 2024.
             Incinerated by a bombardier beetle (8 damage)
             ... with a burning spray
             ... on level 3 of the Dungeon.
             The game lasted 00:09:30 (1932 turns).

Sabo the Charlatan (Minotaur Artificer)             Turns: 1932, Time: 00:09:31

Health: -2/28      AC:  5    Str: 18    XL:     3   Next: 41%
Magic:  2/2        EV:  9    Int:  8    God:
Gold:   112        SH:  6    Dex: 10    Spells: 2/2 levels left

rFire   . . .        k - +4 long sword
rCold   . . .        s - +0 kite shield
rNeg    . . .        g - +0 ring mail
rPois   .            (helmet restricted)
rElec   .            (no cloak)
rCorr   .            (no gloves)
SInv    .            (no boots)
Will    .....        (no amulet)
Stlth   +            (no ring)
HPRegen 0.24/turn    (no ring)
MPRegen 0.08/turn

%: no passive effects
@: on fire, glowing
A: horns 2, retaliatory headbutt
a: no special abilities


You were on level 3 of the Dungeon.
You visited 1 branch of the dungeon, and saw 3 of its levels.

You collected 112 gold pieces.

Inventory:

Hand Weapons
 k - a +4 long sword (weapon)
 m - a +0 sling
Missiles
 n - 2 poisoned darts
Armour
 g - a +0 ring mail (worn)
 s - a +0 kite shield (worn)
Wands
 c - a wand of flame (13) (quivered)
 d - a wand of charming (15)
 e - a wand of iceblast (5)
 p - a wand of roots (4)
Scrolls
 b - a scroll of immolation {unknown}
 r - a scroll of brand weapon {unknown}
Potions
 a - a potion of might
 f - 2 potions of mutation
 h - a potion of magic {unknown}
 i - a potion of berserk rage {unknown}
 j - a potion of enlightenment {unknown}
 l - a potion of invisibility {unknown}
 o - a potion of degeneration {unknown}
 q - a potion of curing {unknown}


   Skills:
 + Level 1.3 Fighting
 + Level 1.1 Long Blades
 + Level 0.1 Maces & Flails
 + Level 2.9 Armour
 + Level 1.3 Dodging
 + Level 0.7 Stealth
 + Level 3.5 Evocations


You had 2 spell levels left.
You didn't know any spells.
Your spell library contained the following spells:

 Spells                   Type           Power      Damage    Failure   Level
 Magic Dart               Conj           0%         1d3       93%         1
 Sandblast                Erth           0%         2d4       93%         1
 Blink                    Tloc           0%         N/A       98%         2
 Call Imp                 Summ           0%         N/A       98%         2
 Passwall                 Erth           0%         N/A       100%        3
 Stone Arrow              Conj/Erth      0%         3d7       100%        3
 Brom's Barrelling Bould  Conj/Erth      0%         2d3       100%        4


Dungeon Overview and Level Annotations

Branches:
Dungeon (3/15)

Altars:


Innate Abilities, Weirdness & Mutations

You have a pair of horns on your head.
You reflexively headbutt those who attack you in melee.


Message History

You see here a +0 kite shield.
s - a +0 kite shield You start putting on your armour.
You continue putting on your +0 kite shield. x4
You finish putting on your +0 kite shield.
Found 19 gold pieces.
Found 7 stones.
You now have 112 gold pieces (gained 19).
A bombardier beetle comes into view.
The bombardier beetle sprays incendiary fluid at you.
The burning spray hits you.
You are covered in liquid fire!
You shake off some of the fire as you move.
The liquid fire burns you!
You shake off some of the fire as you move.
The liquid fire burns you!
The bombardier beetle sprays incendiary fluid at you.
The burning spray hits you.
You are even more covered in liquid fire!
You see here 7 stones.
You shake off some of the fire as you move.
The liquid fire burns you!
You hit the bombardier beetle. You headbutt the bombardier beetle.
The bombardier beetle is moderately wounded.
The liquid fire burns you! The bombardier beetle bites you.
You barely miss the bombardier beetle.
The bombardier beetle is moderately wounded.
The liquid fire burns you!
* * * LOW HITPOINT WARNING * * *
The bombardier beetle barely misses you.
You hit the bombardier beetle.
The bombardier beetle is heavily wounded.
The liquid fire burns you!
* * * LOW HITPOINT WARNING * * *
The bombardier beetle barely misses you.
You hit the bombardier beetle.
The bombardier beetle is severely wounded.
The liquid fire burns you!
You die...

##. #.# ##.. #.# #...
#.# #... #.# #.#.
####.# #.## ##.##.#
#..#
####...#.#########...
+..B@(...............
####...#.#######.....
##.##.# #.##.# ####.#
#.# .. #.# #.# ## ...
#.# ### #.# #..


You could see a bombardier beetle.

Vanquished Creatures
  2 adders (D:2)
  A ribbon worm (D:2)
  2 bats
  2 endoplasms (D:2)
  2 goblins
  2 hobgoblins
  3 jackals (D:1)
  A quokka (D:2)
  2 frilled lizards
  3 kobolds
  4 rats
24 creatures vanquished.

Notes
Turn   | Place    | Note
-------+----------+-------------------------------------------
     0 | D:1      | Sabo the Minotaur Artificer began the quest for the Orb.
     0 | D:1      | Reached XP level 1. HP: 16/16 MP: 0/0
   184 | D:1      | Reached skill level 3 in Evocations
   604 | D:1      | Reached XP level 2. HP: 23/23 MP: 1/1
  1272 | D:2      | Reached XP level 3. HP: 28/28 MP: 2/2
  1703 | D:2      | Reached skill level 1 in Long Blades
  1932 | D:3      | Incinerated by a bombardier beetle

Illustrated notes

Levels and vault maps discovered:
D:1:      onia_arrival_pyramid, layout_basic, grunt_decor_clamped
D:2:      layout_basic, nrook_campfire, due_unseen_surprise
D:3:      layout_loops_corners, shapermc_ecumenical_altar_totnotflames

Skill      XL: |  1  2  3 |
---------------+----------+-----
Evocations     | 3 |  3.5
Long Blades    | 1 |  1.1
Fighting       | |  1.3
Maces & Flails | |  0.1
Armour         | |  2.9
Dodging        | |  1.3
Stealth        | |  0.7

Action                     || total
---------------------------++-------
  Melee: Club              ||    17
         Long sword        ||    40
         Headbutt          ||     5
  Evoke: Wand              ||     2
    Use: Scroll            ||     2
 Armour: Ring mail         ||    32
         Leather armour    ||     1
  Dodge: Dodged            ||    35

Table legend: (Time is in decaauts)
 A = Elapsed time spent in this place.
 B = Non-inter-level travel time spent in this place.
 C = Inter-level travel time spent in this place.
 D = Time resting spent in this place.
 E = Time spent auto-exploring this place.
 F = Levels seen in this place.
 G = Mean time per level.
                   A        B        C        D        E       F      G
               +--------+--------+--------+--------+--------+-----+--------+
         Total |   1950 |   1950 |      0 |    102 |      0 |   3 |  650.0 |
       Dungeon |   1950 |   1950 |      0 |    102 |      0 |   3 |  650.0 |
               +--------+--------+--------+--------+--------+-----+--------+

Top non-repeatable levels by time:
     D:1: 1024 daAuts
     D:2: 830 daAuts
     D:3: 96 daAuts
